General information
- name: BNet
- type: Ladder team game (AT/RT)
- host: Battle.net
- saver: BEAR_AND
map: SunrockCove
- players: 6
- length: 34:04
- speed: Fast
- version: 1.26 W3XP
- replay type:

» download(237 KB)
Players
team 1 (winner)
BEAR_AND (
green | 123 APM | 4206 actions | 34:04)
4 Archmage
2 Blizzard
2 Brilliance Aura
4 Mountain King
2 Storm Bolt
2 Bash
» actions
| Assign group hotkey | 11 | |
| Build / train | 127 | |
| Enter build submenu | 70 | |
| Enter hero's abilities submenu | 9 | |
| Give item / drop item | 4 | |
| Remove unit from queue | 2 | |
| Right click | 2686 | |
| Select / deselect | 506 | |
| Select group hotkey | 537 | |
| Use ability | 254 | |
4206 total
» units
| Peasant | 13 | |
| Sorceress | 2 | |
| Priest | 2 | |
| Dragonhawk Rider | 14 | |
31 total
» upgrades
| Masonry | 3 | |
| Magic Sentry | 1 | |
| Sorceress Training | 2 | |
| Priest Training | 2 | |
| Swords | 2 | |
| Armor | 2 | |
| Animal War Training | 1 | |
13 total
» buildings
| Altar of Kings | 1 | |
| Farm | 9 | |
| Lumber Mill | 1 | |
| Scout Tower | 86 | |
| Arcane Tower | 8 | |
| Guard Tower | 37 | |
| Keep | 2 | |
| Arcane Sanctum | 1 | |
| Arcane Vault | 1 | |
| Castle | 2 | |
| Gryphon Aviary | 1 | |
| Town Hall | 2 | |
| Blacksmith | 1 | |
| Workshop | 1 | |
| Cannon Tower | 1 | |
| Barracks | 1 | |
155 total
» build order
00:08 Altar of Kings
00:16 Farm
00:35 Lumber Mill
00:43 Farm
01:06 Scout Tower
01:10 Scout Tower
01:39 Arcane Tower
01:40 Scout Tower
01:52 Arcane Tower
01:52 Arcane Tower
01:52 Arcane Tower
01:53 Scout Tower
01:55 Scout Tower
02:00 Scout Tower
02:18 Guard Tower
02:19 Scout Tower
02:29 Guard Tower
02:47 Guard Tower
02:48 Guard Tower
03:02 Guard Tower
03:09 Keep
03:10 Keep
03:16 Scout Tower
03:17 Scout Tower
03:43 Guard Tower
03:46 Scout Tower
03:46 Scout Tower
03:54 Scout Tower
03:56 Scout Tower
04:00 Scout Tower
04:01 Scout Tower
04:16 Guard Tower
04:19 Scout Tower
04:20 Scout Tower
04:21 Scout Tower
04:21 Scout Tower
04:26 Guard Tower
05:08 Guard Tower
05:14 Farm
05:28 Guard Tower
05:55 Arcane Sanctum
05:58 Arcane Vault
06:04 Scout Tower
06:05 Scout Tower
06:06 Scout Tower
06:57 Guard Tower
07:00 Scout Tower
07:00 Scout Tower
07:01 Scout Tower
07:02 Scout Tower
07:03 Guard Tower
07:09 Scout Tower
07:56 Guard Tower
07:56 Guard Tower
08:57 Guard Tower
08:58 Guard Tower
09:00 Scout Tower
09:01 Scout Tower
09:47 Guard Tower
10:02 Guard Tower
10:03 Scout Tower
10:04 Scout Tower
10:31 Castle
10:32 Castle
10:33 Guard Tower
10:56 Guard Tower
11:11 Scout Tower
11:12 Scout Tower
11:13 Scout Tower
11:13 Scout Tower
12:10 Guard Tower
12:14 Farm
12:16 Farm
12:53 Scout Tower
12:53 Scout Tower
13:03 Scout Tower
13:03 Scout Tower
13:04 Scout Tower
13:04 Scout Tower
13:14 Scout Tower
13:15 Scout Tower
13:16 Scout Tower
13:16 Scout Tower
13:20 Gryphon Aviary
13:36 Guard Tower
14:24 Guard Tower
15:11 Guard Tower
15:12 Scout Tower
15:13 Scout Tower
15:25 Scout Tower
15:25 Scout Tower
15:26 Scout Tower
15:26 Scout Tower
16:41 Arcane Tower
16:41 Arcane Tower
16:55 Arcane Tower
17:33 Guard Tower
17:46 Guard Tower
18:05 Farm
18:06 Farm
18:07 Farm
18:08 Farm
19:08 Town Hall
19:12 Scout Tower
19:13 Scout Tower
19:13 Scout Tower
19:13 Scout Tower
19:35 Scout Tower
19:36 Scout Tower
19:36 Scout Tower
19:37 Scout Tower
19:37 Scout Tower
19:38 Scout Tower
19:53 Blacksmith
19:56 Guard Tower
19:58 Scout Tower
19:59 Scout Tower
20:00 Scout Tower
20:00 Scout Tower
20:01 Scout Tower
20:02 Scout Tower
20:52 Scout Tower
20:53 Scout Tower
21:32 Workshop
22:09 Guard Tower
22:12 Scout Tower
22:13 Scout Tower
22:14 Scout Tower
22:14 Scout Tower
22:15 Scout Tower
22:15 Scout Tower
22:16 Scout Tower
22:16 Scout Tower
22:18 Scout Tower
22:18 Scout Tower
22:19 Scout Tower
22:20 Scout Tower
22:51 Cannon Tower
23:23 Town Hall
23:25 Guard Tower
23:26 Guard Tower
23:26 Arcane Tower
26:56 Guard Tower
26:56 Guard Tower
27:36 Guard Tower
27:37 Guard Tower
27:41 Scout Tower
27:42 Scout Tower
27:43 Scout Tower
27:43 Scout Tower
27:44 Scout Tower
29:27 Barracks
30:49 Guard Tower
» items
| Boots of Speed | 2 | |
| Staff of Teleportation | 3 | |
| Healing Salve | 4 | |
| Lesser Clarity Potion | 5 | |
| Orb of Lightning | 1 | |
| Staff of Sanctuary | 2 | |
17 total
SeoulFood (
blue | 87 APM | 2953 actions | 34:03)
8 Blademaster
3 Wind Walk
3 Critical Strike
1 Bladestorm
1 Mirror Image
» actions
| Assign group hotkey | 280 | |
| Basic commands | 43 | |
| Build / train | 62 | |
| ESC pressed | 1 | |
| Enter build submenu | 43 | |
| Enter hero's abilities submenu | 10 | |
| Give item / drop item | 1 | |
| Remove unit from queue | 1 | |
| Right click | 1636 | |
| Select / deselect | 312 | |
| Select group hotkey | 351 | |
| Use ability | 212 | |
2953 total
» units
» upgrades
| Liquid Fire | 1 | |
| Reinforced Defenses | 1 | |
2 total
» buildings
| Altar of Storms | 1 | |
| Orc Burrow | 4 | |
| War Mill | 1 | |
| Voodoo Lounge | 3 | |
| Watch Tower | 32 | |
| Stronghold | 3 | |
| Fortress | 1 | |
| Beastiary | 2 | |
| Great Hall | 1 | |
48 total
» build order
00:06 Altar of Storms
00:10 Orc Burrow
00:28 War Mill
01:42 Voodoo Lounge
01:50 Orc Burrow
01:57 Watch Tower
02:20 Watch Tower
02:58 Watch Tower
03:09 Watch Tower
03:22 Watch Tower
04:01 Watch Tower
04:09 Watch Tower
04:39 Stronghold
04:39 Stronghold
04:54 Watch Tower
05:15 Watch Tower
05:25 Voodoo Lounge
05:30 Voodoo Lounge
05:43 Watch Tower
06:05 Watch Tower
06:14 Orc Burrow
07:03 Fortress
07:10 Beastiary
07:16 Beastiary
08:33 Watch Tower
08:34 Watch Tower
09:11 Orc Burrow
09:24 Watch Tower
10:37 Watch Tower
13:54 Watch Tower
17:39 Watch Tower
19:41 Watch Tower
19:43 Watch Tower
19:44 Watch Tower
19:45 Watch Tower
19:46 Watch Tower
19:49 Watch Tower
19:50 Watch Tower
19:51 Watch Tower
19:51 Watch Tower
19:52 Watch Tower
19:52 Watch Tower
19:53 Watch Tower
28:44 Great Hall
29:42 Watch Tower
30:50 Watch Tower
30:51 Watch Tower
» items
| Healing Salve | 3 | |
| Lesser Clarity Potion | 3 | |
| Orb of Lightning | 1 | |
| Boots of Speed | 1 | |
| Staff of Teleportation | 2 | |
| Potion of Healing | 2 | |
12 total
timg4strok (
purple | 101 APM | 3442 actions | 34:03)
6 Warden
3 Shadow Strike
3 Blink
5 Pandaren Brewmaster
3 Breath of Fire
1 Drunken Haze
1 Drunken Brawler
» actions
| Assign group hotkey | 8 | |
| Basic commands | 41 | |
| Build / train | 83 | |
| Enter build submenu | 21 | |
| Enter hero's abilities submenu | 11 | |
| Give item / drop item | 5 | |
| Right click | 1874 | |
| Select / deselect | 251 | |
| Select group hotkey | 950 | |
| Use ability | 198 | |
3442 total
» units
» upgrades
| Well Spring | 1 | |
| Ultravision | 1 | |
| Corrosive Breath | 1 | |
| Strength of the Wild | 3 | |
| Reinforced Hides | 1 | |
| Nature's Blessing | 1 | |
8 total
» buildings
| Altar of Elders | 1 | |
| Moon Well | 13 | |
| Tree of Life | 2 | |
| Tree of Ages | 1 | |
| Hunter's Hall | 1 | |
| Tree of Eternity | 1 | |
| Ancient of Wind | 1 | |
| Ancient of Wonders | 1 | |
| Chimaera Roost | 2 | |
23 total
» build order
00:03 Altar of Elders
00:08 Moon Well
01:41 Moon Well
02:51 Moon Well
04:05 Moon Well
05:27 Tree of Life
05:32 Tree of Ages
05:40 Moon Well
05:53 Moon Well
07:10 Hunter's Hall
07:12 Moon Well
08:55 Tree of Eternity
09:17 Ancient of Wind
10:37 Ancient of Wonders
11:29 Tree of Life
13:14 Chimaera Roost
13:16 Chimaera Roost
17:29 Moon Well
17:30 Moon Well
17:30 Moon Well
17:31 Moon Well
17:32 Moon Well
17:32 Moon Well
» items
| Staff of Teleportation | 2 | |
| Boots of Speed | 2 | |
| Dust of Appearance | 1 | |
| Healing Salve | 3 | |
| Lesser Clarity Potion | 5 | |
| Orb of Lightning | 2 | |
| Orb of Venom | 1 | |
| Staff of Preservation | 1 | |
| Staff of Sanctuary | 3 | |
| Potion of Healing | 1 | |
21 total
team 2 (loser)

»
amRandom (
orange | 60 APM | 1565 actions | 26:07)
3 Far Seer
1 Feral Spirit
2 Chain Lighting
2 Blademaster
1 Wind Walk
1 Critical Strike
1 Shadow Hunter
1 Hex
» actions
| Assign group hotkey | 3 | |
| Basic commands | 34 | |
| Build / train | 59 | |
| Enter build submenu | 14 | |
| Enter hero's abilities submenu | 6 | |
| Right click | 963 | |
| Select / deselect | 362 | |
| Use ability | 124 | |
1565 total
» units
| Peon | 9 | |
| Grunt | 5 | |
| Demolisher | 8 | |
| Troll Batrider | 8 | |
30 total
» upgrades
| Pillage | 1 | |
| Ranged Weapons | 1 | |
| Liquid Fire | 1 | |
3 total
» buildings
| Altar of Storms | 1 | |
| Orc Burrow | 5 | |
| Barracks | 2 | |
| Voodoo Lounge | 2 | |
| Stronghold | 3 | |
| War Mill | 1 | |
| Fortress | 1 | |
| Beastiary | 1 | |
| Watch Tower | 2 | |
18 total
» build order
00:03 Altar of Storms
00:06 Orc Burrow
00:41 Barracks
01:28 Orc Burrow
02:03 Voodoo Lounge
03:31 Stronghold
03:32 Stronghold
03:32 Stronghold
04:23 Barracks
04:25 Orc Burrow
04:29 War Mill
07:35 Orc Burrow
08:27 Voodoo Lounge
09:13 Orc Burrow
13:04 Fortress
13:06 Beastiary
19:54 Watch Tower
19:55 Watch Tower
» items
| Healing Salve | 2 | |
| Lesser Clarity Potion | 3 | |
| Orb of Lightning | 2 | |
| Tiny Great Hall | 1 | |
| Scroll of Speed | 2 | |
| Potion of Healing | 1 | |
| Boots of Speed | 1 | |
| Staff of Teleportation | 1 | |
13 total

»
BLiNDFReNzY (
pink | 73 APM | 1903 actions | 26:04)
5 Archmage
3 Blizzard
2 Brilliance Aura
2 Paladin
1 Holy Light
1 Devotion Aura
2 Blood Mage
1 Flame Strike
1 Siphon Mana
» actions
| Assign group hotkey | 28 | |
| Basic commands | 42 | |
| Build / train | 72 | |
| Enter build submenu | 21 | |
| Enter hero's abilities submenu | 9 | |
| Give item / drop item | 3 | |
| Remove unit from queue | 2 | |
| Right click | 856 | |
| Select / deselect | 328 | |
| Select group hotkey | 472 | |
| Use ability | 70 | |
1903 total
» units
| Peasant | 14 | |
| Footman | 3 | |
| Rifleman | 4 | |
| Mortar Team | 15 | |
| Siege Engine | 3 | |
| Goblin Shredder | 1 | |
40 total
» upgrades
| Fragmentation Shards | 1 | |
| Flare | 1 | |
| Barrage | 1 | |
| Gunpowder | 1 | |
4 total
» buildings
| Altar of Kings | 1 | |
| Farm | 15 | |
| Barracks | 1 | |
| Arcane Vault | 1 | |
| Lumber Mill | 1 | |
| Blacksmith | 1 | |
| Keep | 1 | |
| Workshop | 2 | |
| Castle | 1 | |
| Town Hall | 2 | |
26 total
» build order
00:13 Altar of Kings
00:23 Farm
01:04 Barracks
01:17 Farm
02:01 Arcane Vault
02:37 Lumber Mill
02:41 Blacksmith
03:05 Farm
03:07 Farm
03:54 Keep
05:42 Farm
05:44 Farm
06:26 Workshop
06:41 Farm
06:43 Farm
07:20 Castle
08:27 Town Hall
10:50 Workshop
15:12 Farm
15:14 Farm
15:15 Farm
15:15 Farm
19:51 Farm
20:32 Town Hall
22:14 Farm
22:15 Farm
» items
| Potion of Healing | 3 | |
| Scroll of Town Portal | 2 | |
| Orb of Fire | 1 | |
| Scroll of Healing | 4 | |
| Dust of Appearance | 1 | |
| Potion of Lesser Invulnerability | 1 | |
12 total

»
Jazzytones (
red | 55 APM | 1878 actions | 34:03)
6 Priestess of the Moon
1 Searing Arrows
3 Trueshot Aura
1 Scout
1 Starfall
3 Warden
2 Shadow Strike
1 Blink
» actions
| Assign group hotkey | 60 | |
| Basic commands | 108 | |
| Build / train | 117 | |
| ESC pressed | 2 | |
| Enter build submenu | 17 | |
| Enter hero's abilities submenu | 9 | |
| Right click | 928 | |
| Select / deselect | 447 | |
| Select group hotkey | 96 | |
| Use ability | 94 | |
1878 total
» units
| Wisp | 21 | |
| Archer | 12 | |
| Glaive Thrower | 3 | |
| Hippogryph | 22 | |
| Chimaera | 17 | |
75 total
» upgrades
| Improved Bows | 1 | |
| Strength of the Moon | 2 | |
| Strength of the Wild | 3 | |
| Reinforced Hides | 3 | |
| Corrosive Breath | 1 | |
| Nature's Blessing | 1 | |
11 total
» buildings
| Altar of Elders | 2 | |
| Moon Well | 8 | |
| Ancient of War | 1 | |
| Tree of Ages | 1 | |
| Hunter's Hall | 1 | |
| Ancient of Wind | 1 | |
| Tree of Eternity | 1 | |
| Tree of Life | 1 | |
| Chimaera Roost | 2 | |
| Ancient of Wonders | 1 | |
19 total
» build order
00:08 Altar of Elders
00:24 Moon Well
01:48 Ancient of War
02:04 Tree of Ages
02:15 Moon Well
03:50 Moon Well
04:34 Hunter's Hall
06:18 Moon Well
06:26 Ancient of Wind
07:19 Tree of Eternity
10:28 Tree of Life
10:34 Chimaera Roost
11:00 Chimaera Roost
12:05 Ancient of Wonders
14:39 Moon Well
19:01 Moon Well
19:47 Moon Well
23:18 Altar of Elders
28:58 Moon Well
» items
| Circlet of Nobility | 1 | |
| Potion of Healing | 8 | |
| Scroll of Town Portal | 5 | |
| Orb of Venom | 1 | |
| Staff of Preservation | 1 | |
| Healing Salve | 1 | |
| Orb of Lightning | 1 | |
18 total
Chat log
(00:45 / All) timg4strok: hey every1
(00:49 / All) timg4strok: how u all doing ? tonight
(00:49 / All) BLiNDFReNzY: sup buddy
(00:49 / All) amRandom: hey there
(00:56 / All) BLiNDFReNzY: excellent u?
(00:57 / All) BEAR_AND: Scuse, me, i m new round these parts, mMISTER SKELEOTN
(00:57 / All) Jazzytones: good
(00:59 / All) amRandom: night*
(01:04 / All) timg4strok: enjoying a WARCRAFT 3 game :))
(01:14 / All) BLiNDFReNzY: me too!! isnt it awesome?
(01:15 / All) amRandom: thanks for searching
(01:19 / All) amRandom: didnt think we would find
(01:19 / All) SeoulFood: shout outs to Slide Palading
(01:24 / All) timg4strok: not toogood. maybe not too bad
(01:30 / All) timg4strok: id give it a 5 out of 10
(01:31 / All) BEAR_AND: every1. whats your favoMISTER SKELETOPN
(02:00 / All) timg4strok: do U mens war3 often
(02:15 / All) amRandom: i do recently
(02:37 / All) timg4strok: did you used to
(05:22 / All) BEAR_AND: hey have u guys eveMISTER SKELETON
(12:46 / All) BEAR_AND: lmao
(14:01 / All) BEAR_AND: gg
(14:36 / All) BEAR_AND: what brand is ur router
(14:39 / All) BEAR_AND: we just routed u
(14:46 / All) BEAR_AND: 1
(17:40 / All) BEAR_AND: u guys is this your firsMISTER SKELETON
(18:48 / All) amRandom: nice hacks
(18:51 / All) BEAR_AND: lol haha, invis
(20:24 / All) BEAR_AND: red your chim,....
(22:22 / All) amRandom: we lost
(22:25 / All) BEAR_AND: correct
(22:31 / All) BLiNDFReNzY: ur mom lost
(22:41 / All) BEAR_AND: she lost me when i moved to university
(22:44 / All) BEAR_AND: she got a dog
(22:45 / All) BLiNDFReNzY: lol
(25:49 / All) BLiNDFReNzY: gg
(26:01 / All) amRandom: gg guys
(26:05 / All) BEAR_AND: MISTER SKELETON
(26:05 / All) amRandom: gg teamwork
(26:46 / All) BEAR_AND: tanks?
(26:55 / All) SeoulFood: that is many tank yes ^^
(28:45 / All) BEAR_AND: jazz to me - "Never!"
(30:12 / All) BEAR_AND: sick army
(32:57 / All) BEAR_AND: lmao
(33:12 / All) BEAR_AND: lmao
(33:29 / All) BEAR_AND: lm,ao
(33:38 / All) Jazzytones: u guys are really gay...
(33:42 / All) BEAR_AND: sorry
(33:45 / All) BEAR_AND: http:L
(33:49 / All) BEAR_AND: http://highper.ch/
(33:58 / All) SeoulFood: wjats dat. i couldnt hear u over the sound of me & ur dad makign out